 Dungeon Crawl Stone Soup version 0.19.0-22-gd96e5fe (webtiles) character file.

98939 dobroeutro the Executioner (level 15, 0/125 HPs)
             Began as a Minotaur Berserker on Nov 18, 2016.
             Was a High Priest of Trog.
             Killed from afar by a nagaraja (21 damage)
             ... with a bolt of poison
             ... on level 2 of the Snake Pit.
             The game lasted 00:47:11 (27983 turns).

dobroeutro the Executioner (Minotaur Berserker)    Turns: 27983, Time: 00:47:13

Health: 0/125      AC: 23    Str: 30    XL:     15   Next: 76%
Magic:  14/14      EV: 15    Int:  4    God:    Trog [*****.]
Gold:   1482       SH:  4    Dex: 15    Spells: 0 memorised, 14 levels left

rFire  + . .     SeeInvis .     y - +7 battleaxe (vamp)
rCold  + . .     Gourm    .     A - +4 chain mail
rNeg   . . .     Faith    .     (shield currently unavailable)
rPois  .         Spirit   .     (helmet unavailable)
rElec  .         Reflect  +     G - +0 cloak
rCorr  .         Harm     .     X - +0 pair of gloves
MR     +++..                    D - +1 pair of boots "Atrin" {rF+ Regen+ Dex+4}
Stlth  ..........               E - +4 amulet of reflection
                                k - +5 ring of strength
                                j - ring of protection from cold

@: lethally poisoned (0 -> -1), poison vulnerable, regenerating, constricted
A: retaliatory headbutt, horns 3, blink, blurry vision 1, frail 1, poison
resistance, weak 1, wild magic 1
a: Blink, Berserk, Trog's Hand, Brothers in Arms, Burn Spellbooks, Renounce
Religion


You were on level 2 of the Snake Pit.
You worshipped Trog.
Trog was extremely pleased with you.
You were very full.

You visited 4 branches of the dungeon, and saw 25 of its levels.
You also visited: Labyrinth and Ossuary.

You collected 1913 gold pieces.
You spent 431 gold pieces at shops.

Inventory:

Hand Weapons
 y - a +7 vampiric battleaxe (weapon)
 J - a +4 vampiric broad axe
 T - the +12 trident "Luutat" {elec, Dex+3}
   (You found it on level 11 of the Dungeon)

   Occasionally, upon striking a foe, it will discharge some electrical energy
   and cause terrible harm.
   It affects your dexterity (+3).
Armour
 m - a +2 hat
 t - a +2 buckler of protection
 A - a +4 chain mail (worn)
 D - the +1 pair of boots "Atrin" (worn) {rF+ Regen+ Dex+4}
   (You bought it in a shop on level 2 of the Orcish Mines)

   It affects your dexterity (+4).
   It protects you from fire.
   It increases your rate of regeneration.
 G - a +0 cloak (worn)
 M - the +3 hat of Pondering {ponderous, MR+ MP+10 Int+5}
   (You took it off Gastronok on level 1 of the Orcish Mines)

   It affects your intelligence (+5).
   It affects your resistance to hostile enchantments.
   It affects your magic capacity (+10).
 X - a +0 pair of gloves (worn)
Rods
 Y - a +7 lightning rod (13/13)
   (You found it in a labyrinth)
Jewellery
 j - a ring of protection from cold (left hand)
 k - a +5 ring of strength (right hand)
 v - an uncursed ring of resist corrosion
 E - a +4 amulet of reflection (around neck)
Wands
 a - a wand of hasting (1/9)
 l - a wand of disintegration (15/24)
 q - a wand of iceblast (7/15)
 w - a wand of flame (48/48)
 x - a wand of teleportation (4/9)
 F - a wand of polymorph (7/24)
 H - a wand of random effects (8/48)
 K - a wand of iceblast (9/15)
 U - a wand of lightning (3/15)
Scrolls
 d - 13 scrolls of identify
 e - 7 scrolls of teleportation
 h - 6 scrolls of remove curse
 p - a scroll of enchant weapon
 L - a scroll of fog
 O - 6 scrolls of blinking
 Z - 2 scrolls of enchant armour
Potions
 g - 4 potions of heal wounds
 i - 11 potions of curing
 n - 5 potions of brilliance
 o - a potion of invisibility
 r - a potion of might
 s - 4 potions of flight
 u - a potion of cure mutation {unknown}
 z - a potion of beneficial mutation
 B - a potion of haste
 C - 4 potions of agility
 P - a potion of magic
 V - 2 potions of berserk rage
Comestibles
 b - 13 meat rations
 c - 10 bread rations
 f - 36 fruits
 W - 16 royal jellies


   Skills:
 + Level 14.4 Fighting
 * Level 21.2 Axes
 + Level 14.3 Armour
 + Level 13.5 Dodging


You had 14 spell levels left.
You didn't know any spells.

Dungeon Overview and Level Annotations

Branches:
Dungeon (15/15)            Temple (0/1) D:7            Lair (6/6) D:11
 Shoals (0/4) Lair:4        Snake (2/4) Lair:2        Slime (0/5) Lair:6
    Orc (2/2) D:11            Elf (0/3) Orc:2        Vaults (0/5) D:14
 Depths (0/5) D:15

Altars:
Ashenzari
Cheibriados
Gozag
Kikubaaqudgha
Qazlal
Ru
Trog
Vehumet
Yredelemnul
The Shining One
Beogh

Shops:
D:5 [::   D:8 [   D:9 *   Orc:2 ?:[!   Snake:1 =:?


Innate Abilities, Weirdness & Mutations

You reflexively headbutt those who attack you in melee.
You have a pair of large horns on your head.
You can translocate small distances at will.
Scrolls take you a little longer to read.
You are frail. (-10% HP)
Your system is resistant to poisons. (rPois)
You are weak. (Str -2)
Your spells are a little harder to cast, but a little more powerful.


Message History

The nagaraja constricts you.
You slice the nagaraja!! You headbutt the nagaraja.
The nagaraja is severely wounded.
The nagaraja gestures at you while chanting.
The poison arrow misses you.
* * * LOW HITPOINT WARNING * * *
The nagaraja constricts you.
You closely miss the nagaraja.
The nagaraja is severely wounded.
The nagaraja spits poison at you. The splash of poison misses you.
* * * LOW HITPOINT WARNING * * *
The nagaraja constricts you.
Your chain mail prevents you from hitting the nagaraja.
You headbutt the nagaraja!
The nagaraja is almost dead.
The nagaraja casts a spell at you. The bolt of poison hits you!
You are poisoned.
You die...

.........# .........#
.........# .........#
.........# ....%....#
......)..# #.#
......N@.##### #.##
......)).....# #.##
.......).....+ #. #.#.
.#...#.......###.# #.##
#..#........+.#.####...
.............#.#.##.....
...............#........
........................
....#.........#....###.


You could see a nagaraja.

Vanquished Creatures
  Gastronok (Orc:1)
  Louise (D:15)
  5 dire elephants (Lair:6)
  A minotaur (Lab)
  Erolcha (Orc:2)
  The ghost of dobroeutro the Quickloader, a journeyman GrHu of Okawaru (D:11)
  A rakshasa (D:15)
  7 hydras
  4 centaur warriors
  2 death knights
  2 dancing weapons (D:14)
  4 anacondas
  An ogre mage (Orc:2)
  2 naga sharpshooters
  Nergalle (Orc:2)
  6 skeletal warriors (D:15)
  Urug (Lair:3)
  2 naga ritualists (Snake:2)
  2 unseen horrors
  A phantasmal warrior (D:12)
  An orc knight (Orc:2)
  A flayed ghost (D:15)
  2 wizards
  A necromancer (D:15)
  3 hill giants
  2 manticores
  4 mana vipers
  4 cyclopes
  2 oklob plants (D:11)
  A deep elf mage (D:13)
  8 orc sorcerers
  9 elephants
  A fire giant zombie (D:15)
  13 ugly things
  2 salamanders
  12 black mambas
  5 naga magi
  3 gargoyles
  5 centaur skeletons
  11 spiny frogs
  2 rime drakes
  4 komodo dragons
  2 kobold demonologists
  12 trolls
  A freezing wraith (D:12)
  6 meliai
  2 polar bears
  A queen bee (Lair:1)
  2 deep troll zombies (D:15)
  7 hippogriffs
  9 slime creatures
  13 blink frogs
  The ghost of dobroeutro the Bolt Thrower, an amateur KoHu (D:5)
  2 shadows
  An elf zombie (D:15)
  2 wyverns
  A wraith (D:12)
  A hungry ghost (D:13)
  16 yaks
  6 vampire mosquitoes
  4 basilisks
  Menkaure (D:4)
  2 steam dragons
  A warg (Orc:1)
  8 nagas
  Edmund (D:4)
  The ghost of HUIXAX the Cudgeler, an amateur GrFi (Ossuary)
  A soldier ant (D:11)
  13 water moccasins
  4 porcupines
  16 orc warriors
  2 black bears
  2 necrophages
  5 boggarts (D:14)
  A phantom (D:6)
  An eye of draining (D:12)
  4 ice beasts
  A sky beast (D:10)
  6 ogres
  9 wolves
  15 centaurs
  7 crocodiles
  The ghost of Frank the Cudgeler, an amateur GrGl (D:3)
  3 big kobolds
  20 bullfrogs
  A wyvern zombie (D:10)
  3 scorpions
  5 water moccasin zombies (Ossuary)
  28 killer bees
  10 wights
  2 electric eels (Lair:6)
  3 howler monkeys
  13 crimson imps
  5 bullfrog zombies
  A lava snake (Lair:2)
  7 centaur zombies
  2 quasits
  17 orc priests
  8 hounds
  5 jellies
  5 iguanas
  36 orc wizards
  Natasha (thrice) (D:4)
  12 worker ants
  5 big kobold zombies (Ossuary)
  A hound zombie (D:9)
  2 hound skeletons
  4 mummies
  Robin (D:4)
  A worker ant zombie (D:7)
  4 gnolls (D:5)
  A howler monkey skeleton (D:5)
  15 adders
  3 shadow imps
  An adder skeleton (D:7)
  7 adder zombies
  6 worms
  2 dart slugs (D:1)
  5 leopard geckos
  107 orcs
  3 giant cockroaches
  2 gnoll zombies (Ossuary)
  17 goblins
  9 hobgoblins
  2 jackals (D:6)
  3 quokkas
  2 ball pythons
  4 bats
  8 frilled lizards
  A goblin skeleton (D:9)
  A goblin zombie (D:9)
  9 hobgoblin zombies
  A jackal skeleton (D:4)
  19 kobolds
  3 kobold skeletons (D:9)
  5 kobold zombies
  3 leopard gecko skeletons
  An orc skeleton (D:9)
  3 orc zombies (Ossuary)
  A quokka zombie (D:1)
  14 rats
  3 fungi
  10 plants
  4 withered plants (D:10)
815 creatures vanquished.

Vanquished Creatures (others)
  An orc wizard (Orc:2)
  2 orcs
  5 fungi
  5 plants
  2 withered plants (D:15)
15 creatures vanquished.

Grand Total: 830 creatures vanquished

Notes
Turn   | Place    | Note
-------+----------+-------------------------------------------
     0 | D:1      | dobroeutro the Minotaur Berserker began the quest for the Orb.
     0 | D:1      | Reached XP level 1. HP: 19/19 MP: 0/0
   122 | D:1      | Reached skill level 4 in Axes
   390 | D:1      | Reached XP level 2. HP: 22/26 MP: 1/1
   731 | D:1      | Reached ** piety under Trog
   766 | D:1      | Reached skill level 5 in Axes
   904 | D:1      | Reached XP level 3. HP: 30/31 MP: 2/2
  1842 | D:2      | Reached XP level 4. HP: 26/39 MP: 3/3
  1850 | D:2      | Reached skill level 6 in Axes
  2178 | D:3      | Noticed Frank's ghost (amateur GrGl)
  2195 | D:3      | Killed Frank's ghost
  2195 | D:3      | Reached skill level 7 in Axes
  2195 | D:3      | Reached XP level 5. HP: 4/45 MP: 4/4
  2278 | D:3      | Reached *** piety under Trog
  2585 | D:3      | Found a shattered altar of Ashenzari.
  2917 | D:4      | Found a radiant altar of Vehumet.
  3193 | D:4      | Noticed Robin
  3199 | D:4      | Reached skill level 8 in Axes
  3224 | D:4      | Killed Robin
  3224 | D:4      | Reached XP level 6. HP: 29/51 MP: 5/5
  3398 | D:4      | Noticed Natasha
  3407 | D:4      | Killed Natasha
  3414 | D:4      | Noticed Menkaure
  3419 | D:4      | Killed Menkaure
  3419 | D:4      | Reached skill level 9 in Axes
  3553 | D:4      | Noticed Natasha
  3566 | D:4      | Killed Natasha
  3566 | D:4      | Received a gift from Trog
  3702 | D:4      | Noticed Natasha
  3711 | D:4      | Killed Natasha
  3779 | D:4      | Noticed Edmund
  3792 | D:4      | Killed Edmund
  3792 | D:4      | Reached XP level 7. HP: 40/57 MP: 6/6
  3942 | D:5      | Entered Level 5 of the Dungeon
  3964 | D:5      | Reached skill level 10 in Axes
  4279 | D:5      | Noticed dobroeutro's ghost (amateur KoHu)
  4289 | D:5      | Killed dobroeutro's ghost
  4289 | D:5      | Reached skill level 11 in Axes
  4376 | D:5      | Reached **** piety under Trog
  4534 | D:5      | Found Gakootet's Book Shoppe.
  4568 | D:5      | Found Uteon's Book Shop.
  4615 | D:5      | Reached XP level 8. HP: 58/64 MP: 7/7
  5105 | D:5      | Found Duppele's Armour Shoppe.
  5108 | D:5      | Bought a +0 cloak for 63 gold pieces
  5366 | D:6      | Reached skill level 12 in Axes
  5400 | D:6      | Found a sand-covered staircase.
  5405 | Ossuary  | Entered an ossuary
  5410 | Ossuary  | Noticed HUIXAX's ghost (amateur GrFi)
  5515 | Ossuary  | Reached ***** piety under Trog
  5830 | Ossuary  | Reached skill level 5 in Fighting
  5834 | Ossuary  | Killed HUIXAX's ghost
  5834 | Ossuary  | Reached XP level 9. HP: 74/74 MP: 8/8
  6127 | D:6      | Found a sacrificial altar of Ru.
  6342 | D:6      | Noticed a moth of wrath
  6344 | D:6      | Found a bloodstained altar of Trog.
  6350 | D:6      | Reached skill level 5 in Armour
  6544 | D:7      | Received a gift from Trog
  6620 | D:7      | You fall through a shaft!
  6627 | D:8      | Noticed a troll
  6632 | D:8      | Killed a troll
  6632 | D:8      | Reached skill level 13 in Axes
  6742 | D:8      | Reached skill level 5 in Dodging
  6848 | D:8      | Found Migudgh's Antique Armour Shoppe.
  7305 | D:7      | Found a stormy altar of Qazlal.
  7325 | D:7      | Found a staircase to the Ecumenical Temple.
  7482 | D:7      | Found an opulent altar of Gozag.
  7542 | D:7      | Reached XP level 10. HP: 69/84 MP: 9/9
  7871 | D:7      | Found a basalt altar of Yredelemnul.
  8045 | D:9      | Received a gift from Trog
  8048 | D:9      | Got a shimmering battleaxe {god gift}
  8049 | D:9      | Identified the +4 battleaxe of Trog's Generosity {chop, -Tele Int+5} (Trog gifted it to you on level 9 of the Dungeon)
  8117 | D:9      | Found a snail-covered altar of Cheibriados.
  8195 | D:9      | Found a glowing golden altar of the Shining One.
  8218 | D:9      | Reached skill level 14 in Axes
  8449 | D:9      | Found Wepsib's Assorted Antiques.
  8749 | D:10     | Entered Level 10 of the Dungeon
  9354 | D:10     | Received a gift from Trog
  9701 | D:11     | Got a twisted trident
  9702 | D:11     | Identified the +12 trident "Luutat" {elec, Dex+3} (You found it on level 11 of the Dungeon)
  9725 | D:11     | Found a staircase to the Orcish Mines.
  9729 | D:11     | Reached skill level 15 in Axes
  9748 | D:11     | Reached XP level 11. HP: 75/94 MP: 10/10
  9802 | D:11     | Noticed a white ugly thing
  9808 | D:11     | Killed a white ugly thing
  9833 | D:11     | Killed an unseen horror
 10048 | D:11     | Noticed a white ugly thing
 10056 | D:11     | Killed a white ugly thing
 10075 | D:11     | Found a staircase to the Lair.
 10075 | D:11     | Noticed an oklob plant
 10116 | D:11     | Noticed a six-headed hydra
 10123 | D:11     | Killed a six-headed hydra
 10227 | D:11     | Noticed an oklob plant
 10254 | D:11     | Killed an oklob plant
 10284 | D:11     | Killed an oklob plant
 10470 | D:11     | Noticed dobroeutro's ghost (journeyman GrHu)
 10474 | D:11     | Noticed a hill giant
 10501 | D:11     | Killed a hill giant
 10507 | D:11     | Killed dobroeutro's ghost
 10983 | D:11     | Received a gift from Trog
 11079 | D:11     | Reached skill level 16 in Axes
 11208 | D:12     | Reached ****** piety under Trog
 11254 | D:12     | Found a labyrinth entrance.
 11267 | Lab      | Entered a labyrinth
 12975 | Lab      | Noticed a minotaur
 12983 | Lab      | Killed a minotaur
 12989 | Lab      | Identified the Catalogue of Creative Moulding
 13203 | D:12     | Gained mutation: You can translocate small distances at will. [potion of mutation]
 13203 | D:12     | Gained mutation: Your body sometimes deteriorates upon taking damage. [potion of mutation]
 13203 | D:12     | Gained mutation: Armour fits poorly on your strangely shaped body. [potion of mutation]
 13231 | D:12     | Noticed a hill giant
 13235 | D:12     | Killed a hill giant
 13235 | D:12     | Reached skill level 10 in Fighting
 13294 | D:12     | Reached XP level 12. HP: 101/105 MP: 11/11
 13553 | D:12     | Noticed a death knight
 13564 | D:12     | Killed a death knight
 13566 | D:12     | HP: 7/157 [orc priest/divine providence (9)]
 13578 | D:12     | Reached skill level 10 in Armour
 13820 | D:12     | Received a gift from Trog
 14173 | D:12     | Reached skill level 17 in Axes
 14706 | D:13     | Found an ancient bone altar of Kikubaaqudgha.
 14793 | D:13     | Noticed a centaur warrior
 14799 | D:13     | Killed a centaur warrior
 14799 | D:13     | Reached skill level 10 in Dodging
 15736 | D:13     | Gained mutation: Your spells are a little harder to cast, but a little more powerful. [mutagenic meat]
 15737 | D:13     | Gained mutation: Scrolls take you a little longer to read. [mutagenic meat]
 15952 | D:14     | Noticed an ogre mage
 15952 | D:14     | Noticed a centaur warrior
 15955 | D:14     | Noticed a death knight
 15956 | D:14     | Noticed a tengu warrior
 15957 | D:14     | Noticed a yaktaur captain
 15972 | D:14     | Noticed a tengu warrior
 15972 | D:14     | Noticed a tengu warrior
 15993 | D:14     | Reached XP level 13. HP: 87/116 MP: 12/12
 16145 | D:14     | Received a gift from Trog
 16658 | D:14     | Found a gate to the Vaults.
 16708 | D:14     | Reached skill level 18 in Axes
 17341 | D:14     | Lost mutation: Scrolls take you a little longer to read. [mutagenic meat]
 17342 | D:14     | Gained mutation: Scrolls take you a little longer to read. [mutagenic meat]
 17343 | D:14     | Gained mutation: You are frail. (-10% HP) [mutagenic meat]
 17554 | D:15     | Entered Level 15 of the Dungeon
 17614 | D:15     | Gained mutation: You have a pair of large horns on your head. [mutagenic meat]
 17615 | D:15     | Gained mutation: Your system is resistant to poisons. (rPois) [mutagenic meat]
 17617 | D:15     | Lost mutation: Your body sometimes deteriorates upon taking damage. [mutagenic meat]
 17618 | D:15     | Lost mutation: Armour fits poorly on your strangely shaped body. [mutagenic meat]
 17619 | D:15     | Gained mutation: You are weak. (Str -2) [mutagenic meat]
 18010 | D:15     | Noticed Louise
 18024 | D:15     | Killed Louise
 18313 | D:15     | Received a gift from Trog
 18313 | D:15     | Reached skill level 19 in Axes
 18333 | D:15     | Found a staircase to the Depths.
 18381 | D:15     | Reached XP level 14. HP: 77/114 MP: 6/13
 18469 | D:14     | HP: 5/114 [something (22)]
 18469 | D:14     | HP: 1/114 [shadow (4)]
 19675 | Orc:1    | Entered Level 1 of the Orcish Mines
 19675 | Orc:1    | Noticed Gastronok
 19690 | Orc:1    | Killed Gastronok
 20159 | Lair:1   | Entered Level 1 of the Lair of Beasts
 20347 | Lair:1   | Received a gift from Trog
 21181 | Lair:2   | Found a staircase to the Snake Pit.
 21680 | Lair:3   | Noticed Urug
 21697 | Lair:3   | Killed Urug
 22155 | Lair:3   | Received a gift from Trog
 22581 | Lair:4   | Reached skill level 20 in Axes
 22693 | Lair:4   | Found a staircase to the Shoals.
 23878 | Lair:5   | Identified a scroll of acquirement
 24315 | Lair:6   | Entered Level 6 of the Lair of Beasts
 24887 | Lair:6   | Reached XP level 15. HP: 118/123 MP: 14/14
 24909 | Lair:6   | Found a staircase to the Slime Pits.
 26137 | Orc:2    | Entered Level 2 of the Orcish Mines
 26137 | Orc:2    | Found a roughly hewn altar of Beogh.
 26355 | Orc:2    | Received a gift from Trog
 26368 | Orc:2    | Found a staircase to the Elven Halls.
 26519 | Orc:2    | Found an ancient bone altar of Kikubaaqudgha.
 26520 | Orc:2    | Noticed Nergalle
 26523 | Orc:2    | Paralysed by an orc sorcerer for 7 turns
 26536 | Orc:2    | Killed Nergalle
 26541 | Orc:2    | Found Rem Juakh's Book Shop.
 26548 | Orc:2    | Noticed Erolcha
 26553 | Orc:2    | Killed Erolcha
 26561 | Orc:2    | Found a radiant altar of Vehumet.
 26601 | Orc:2    | Found Simmel's Magic Scroll Shop.
 26632 | Orc:2    | Found a roughly hewn altar of Beogh.
 26632 | Orc:2    | Found Deosm's Antique Armour Boutique.
 26652 | Orc:2    | Found Wibubb's Distillery.
 26671 | Orc:2    | Bought a pair of translucent boots for 313 gold pieces
 26681 | Orc:2    | Identified the +1 pair of boots "Atrin" {rF+ Regen+ Dex+4} (You bought it in a shop on level 2 of the Orcish Mines)
 26709 | Orc:2    | Bought a potion of heal wounds for 55 gold pieces
 27117 | Snake:1  | Entered Level 1 of the Snake Pit
 27234 | Snake:1  | Found Zawiubis's Jewellery Shop.
 27318 | Snake:1  | Reached skill level 21 in Axes
 27367 | Snake:1  | Found Itirph's Book Boutique.
 27719 | Snake:1  | Found Neicruo's Magic Scroll Shoppe.
 27964 | Snake:2  | Noticed a nagaraja
 27968 | Snake:2  | Received a gift from Trog
 27983 | Snake:2  | Killed from afar by a nagaraja

Skill      XL: |  1  2  3  4  5  6  7  8  9 10 11 12 13 14 15 |
---------------+----------------------------------------------+-----
Axes           | 4 5 7 8 9 11 12 13 15 16 17 19 20 21 | 21.2
Fighting       | 5 6 8 10 11 12 13 14 | 14.4
Armour         | 4 6 7 9 10 12 13 14 | 14.3
Dodging        | 4 5 7 9 10 11 12 13 | 13.5

Action                   |  1- 3 |  4- 6 |  7- 9 | 10-12 | 13-15 || total
-------------------------+-------+-------+-------+-------+-------++-------
Melee: Hand axe          |   118 |   135 |   131 |       |       ||   384
       Headbutt          |    18 |    28 |    72 |    91 |   198 ||   407
       War axe           |       |       |   175 |       |       ||   175
       Broad axe         |       |       |    72 |    14 |       ||    86
       Battleaxe         |       |       |       |   438 |   877 ||  1315
       Trident           |       |       |       |    60 |     7 ||    67
Invok: Berserk           |       |     3 |     2 |     5 |     9 ||    19
       Burn Spellbooks   |       |     1 |     1 |     2 |     3 ||     7
       Trog's Hand       |       |       |       |       |     1 ||     1
Evoke: Wand              |       |       |       |       |     2 ||     2
  Use: Scroll            |       |       |    15 |    18 |    10 ||    43
       Potion            |       |       |       |     3 |     5 ||     8
  Eat: Chunk             |     3 |     8 |     8 |    25 |    37 ||    81
       Bread ration      |       |       |     2 |     2 |     2 ||     6
       Beef jerky        |       |       |     1 |       |     3 ||     4
       Pizza             |       |       |       |       |     1 ||     1
       Fruit             |       |       |       |       |     6 ||     6
       Meat ration       |       |       |       |       |     2 ||     2
       Royal jelly       |       |       |       |       |     1 ||     1
Armor: Animal skin       |    22 |     6 |       |       |       ||    28
       Scale mail        |       |    29 |       |       |       ||    29
       Chain mail        |       |       |   169 |   281 |   462 ||   912
Dodge: Dodged            |    68 |    60 |   153 |   284 |   540 ||  1105
Block: Other             |       |       |       |       |    58 ||    58
       Reflection        |       |       |       |       |     4 ||     4
